AoeStats
← marco.ulrich

Coastal Forest

510394276Analyzed
4v4 RM · 1d ago on Sep 30, 2026· 62m 44s· 8 players
Game mode
Random Map
Map size
Large (8 player)
Population
200
Speed
Normal
Resources
Standard
Victory
Conquest
Starting age
Dark Age
Ending age
Imperial Age
RankedLock teamsTeams togetherTeam positionsShared explorationLock speedFull tech treeHidden civsTurbo modeCheats
Victory
Defeat
🇨🇳 Burgundians · China
955
+14
🇩🇪 Persians · Germany
924
+15
🇩🇪 Varangians · Germany
916
+15
🇬🇧 Khitans · United Kingdom
832
+20
🇺🇸 Huns · United States
952
-18
🇨🇱 Persians · Chile
908
-16
🇦🇷 Teutons · Argentina
903
-16
🇩🇪 Vietnamese · Germany
852
-14
xxyvonnederful
9:54 Feudal Age
8:11 Loom
14:50 Fletching
15:30 Padded Archer Armor
19:56 Double-Bit Axe
23:08 Castle Age
23:19 Crossbowman
23:57 Bodkin Arrow
24:21 Leather Archer Armor
Completosinpalta
2:25 Loom
11:03 Feudal Age
12:23 Wheelbarrow
12:56 Double-Bit Axe
12:55 Horse Collar
19:13 Castle Age
18:03 Stone Mining
28:36 Bow Saw
28:21 Gold Mining
29:11 Hand Cart
30:14 Forging
30:09 Scale Barding Armor
34:06 Imperial Age
32:23 Gold Shaft Mining
32:23 Stone Shaft Mining
32:27 Gold Shaft Mining
32:14 Chain Barding Armor
32:29 Iron Casting
32:23 Bloodlines
32:14 Husbandry
32:24 Town Watch
32:45 Heavy Plow
33:57 Caravan
33:45 Cavalier
35:11 Plate Barding Armor
35:37 Blast Furnace
35:13 Savar
37:05 Chemistry
36:43 Conscription
38:41 Fletching
38:51 Padded Archer Armor
39:56 Capped Ram
41:42 Citadels
41:35 Kamandaran
42:04 Bodkin Arrow
42:24 Leather Archer Armor
42:04 Crossbowman
42:49 Thumb Ring
44:26 Ballistics
46:06 Siege Ram
46:47 Heavy Camel Rider
55:52 Murder Holes
56:24 Masonry
57:54 Two-Man Saw
60:41 Elite Cannon Galleon
not.matiasz
2:52 Loom
11:23 Feudal Age
17:20 Castle Age
16:45 Scale Barding Armor
17:34 Forging
17:58 Bloodlines
20:08 Chain Barding Armor
23:33 Iron Casting
34:51 Imperial Age
34:27 Double-Bit Axe
35:02 Cavalier
36:45 Plate Barding Armor
49:07 Chemistry
48:33 Ballistics
48:24 Padded Archer Armor
sascha.m.89x
11:25 Feudal Age
12:00 Horse Collar
12:07 Double-Bit Axe
12:59 Wheelbarrow
12:55 Loom
15:55 Stone Mining
19:47 Castle Age
17:43 Stone Mining
20:48 Heavy Plow
21:29 Stone Shaft Mining
21:14 Hand Cart
21:22 Bow Saw
24:47 Gold Mining
27:28 Fletching
27:52 Pikeman
28:33 Squires
32:10 Imperial Age
31:16 Bodkin Arrow
31:21 Padded Archer Armor
34:26 Chemistry
34:16 Bracer
34:32 Leather Archer Armor
34:34 Fortified Wall
34:05 Treadmill Crane
36:07 Two-Man Saw
34:40 Elite Rattan Archer
35:22 Pikeman
36:03 Squires
37:29 Halberdier
39:42 Ballistics
41:44 Siege Engineers
44:18 Ring Archer Armor
47:26 Crop Rotation
47:06 Scale Barding Armor
47:12 Forging
47:04 Scale Mail Armor
48:02 Caravan
48:13 Guilds
51:00 Scale Mail Armor
51:35 Iron Casting
50:28 Man-at-Arms
52:16 Chain Mail Armor
51:25 Long Swordsman
52:39 Two-Handed Swordsman
54:15 Two-Handed Swordsman
54:56 Champion
59:10 Plate Mail Armor
59:13 Thumb Ring
60:06 Paper Money
marco.ulrich
12:28 Feudal Age
19:39 Castle Age
32:37 Loom
46:58 Double-Bit Axe
46:59 Horse Collar
49:51 Wheelbarrow
51:09 Husbandry
55:45 Light Cavalry
57:48 Hand Cart
59:30 Bloodlines
MarcusMaximus
12:06 Feudal Age
16:30 Castle Age
14:42 Double-Bit Axe
15:02 Horse Collar
17:24 Bow Saw
18:13 Heavy Plow
21:58 Scale Mail Armor
22:22 Gold Mining
24:18 Squires
24:30 Forging
24:08 Loom
25:58 Wheelbarrow
25:09 Town Watch
27:18 Hand Cart
27:57 Chain Mail Armor
33:46 Imperial Age
31:52 Pikeman
32:51 Gambesons
33:46 Iron Casting
33:59 Elite Varangian Guard
34:16 Gothikon
35:56 Plate Mail Armor
36:26 Blast Furnace
35:28 Arson
37:51 Conscription
39:20 Halberdier
43:11 Fletching
45:06 Caravan
abcd312
0:30 Loom
11:38 Feudal Age
10:34 Double-Bit Axe
11:08 Horse Collar
13:01 Wheelbarrow
12:15 Town Watch
13:06 Wheelbarrow
13:59 Fishing Lines
15:00 Bow Saw
15:33 Heavy Plow
17:58 Gillnets
23:01 Castle Age
26:04 Two-Man Saw
25:19 Husbandry
25:12 Gold Mining
27:19 Gold Shaft Mining
27:56 Stone Mining
27:56 Cavalier
30:14 Crop Rotation
30:24 Forging
30:19 Scale Barding Armor
32:28 Hand Cart
34:18 Iron Casting
34:04 Chain Barding Armor
33:54 Pikeman
34:35 Squires
34:20 Arson
37:23 Caravan
37:53 Coinage
41:05 Scale Mail Armor
42:54 Fortified Wall
46:40 Imperial Age
44:55 Burgundian Vineyards
48:08 Banking
47:49 Guilds
47:15 Halberdier
47:18 Paladin
47:18 Light Cavalry
48:19 Chain Mail Armor
49:04 Blast Furnace
47:54 Capped Ram
50:57 Hoardings
58:40 Plate Mail Armor
58:45 Plate Barding Armor
58:00 Fletching
58:11 Padded Archer Armor
59:33 Town Patrol
62:07 Bodkin Arrow
62:27 Leather Archer Armor
61:35 Man-at-Arms
63:17 Chemistry
61:58 Treadmill Crane
62:28 Masonry
62:14 Murder Holes
62:40 Ballistics
62:05 Arrowslits
sam.pidgeon
6:05 Loom
13:10 Feudal Age
17:26 Scale Barding Armor
17:32 Forging
21:14 Scale Mail Armor
27:56 Castle Age
27:47 Fletching
29:38 Light Cavalry
33:24 Squires
34:41 Husbandry
36:18 Town Watch
37:34 Ballistics
37:58 Murder Holes
39:06 Man-at-Arms
40:28 Iron Casting
41:14 Fishing Lines
42:02 Padded Archer Armor
42:15 Guard Tower
42:36 Masonry
42:52 Pikeman
50:01 Chain Barding Armor
49:51 Caravan
51:38 Wheelbarrow
51:24 Treadmill Crane
55:34 Imperial Age
56:44 Bodkin Arrow
58:14 Heavy Camel Rider
59:16 Hand Cart
60:11 Chemistry
59:19 Siege Engineers
60:44 Stone Mining
60:51 Gold Mining
61:17 Gillnets
62:28 Conscription
Connection lost

Rejoining the realm…

Still unreachable

The connection could not be restored.

Session expired

The server has moved on; the page needs a fresh start.